 Dungeon Crawl Stone Soup version 0.29.0-7-g18a832c13a (webtiles) character file.

Game seed: 8582453744392578185

7 Iusername the Ducker (level 1, 0/16 HPs)
             Began as a Vampire Gladiator on Aug 31, 2022.
             Slain by a jackal (2 damage)
             ... on level 1 of the Dungeon.
             The game lasted 00:00:08 (28 turns).

Iusername the Ducker (Vampire Gladiator)              Turns: 28, Time: 00:00:09

Health: 0/16       AC:  4    Str: 13    XL:     1   Next: 83%
Magic:  1/1        EV: 10    Int: 10    God:
Gold:   10         SH:  0    Dex: 15    Spells: 0/0 levels left

rFire   . . .      SeeInvis +   a - +0 rapier
rCold   . . .      Faith    .   (no shield)
rNeg    . . .      Spirit   .   b - +0 leather armour
rPois   .          Reflect  .   c - +0 helmet
rElec   .          Harm     .   (no cloak)
rCorr   .          Rampage  .   (no gloves)
Will    .....                   (no boots)
Stlth   +.........              (no amulet)
HPRegen 0.25/turn               (no ring)
MPRegen 0.07/turn               (no ring)

@: healing quickly, constricted
A: alive, fangs 3, see invisible, vampiric 1
a: Exsanguinate


You were on level 1 of the Dungeon.
You visited 1 branch of the dungeon, and saw 1 of its levels.

You collected 10 gold pieces.

Inventory:

Hand Weapons
 a - a +0 rapier (weapon)
Missiles
 d - 3 throwing nets (quivered)
 e - a javelin
Armour
 b - a +0 leather armour (worn)
 c - a +0 helmet (worn)


   Skills:
 + Level 1.8 Fighting
 + Level 3.4 Short Blades
 + Level 1.7 Throwing
 + Level 3.5 Dodging


You couldn't memorise any spells.
You didn't know any spells.
Your spell library was empty.

Dungeon Overview and Level Annotations

Branches:
Dungeon (1/15)

Altars:


Innate Abilities, Weirdness & Mutations

Your natural rate of healing is accelerated.
You have razor-sharp teeth.
You have supernaturally acute eyesight. (SInv)
You are afflicted with vampirism.


Message History

You are too injured to fight recklessly!
You are too injured to fight recklessly!
You are too injured to fight recklessly!
You are too injured to fight recklessly!
You are too injured to fight recklessly!
You are too injured to fight recklessly!
Unknown command.
Unknown command.
You are too injured to fight recklessly!
Unknown command.
You are too injured to fight recklessly!
A jackal comes into view.
The jackal barks!
The ball python barely misses you. The ball python grabs you.
The ball python constricts you. The goblin hits you but does no damage.
You barely miss the goblin. Your bite misses the goblin.
The ball python bites you but does no damage.
The ball python constricts you. The goblin hits you but does no damage.
The jackal barely misses you.
You hit the jackal.
You kill the jackal!
The ball python bites you but does no damage.
The ball python constricts you. The goblin hits you but does no damage.
The ball python bites you. The ball python constricts you.
* * * LOW HITPOINT WARNING * * *
The jackal bites you but does no damage.
You hit the jackal.
You kill the jackal!
A rat comes into view.
The goblin barely misses you.
The ball python bites you but does no damage.
The ball python constricts you.
You puncture the goblin!
You kill the goblin!
The ball python bites you.
* * * LOW HITPOINT WARNING * * *
The ball python constricts you.
The ball python bites you but does no damage.
You closely miss the ball python. The jackal bites you.
You die...

............# ...
...........# ....
#..........#
....##..."......#
..............##
#.###..#...w......#
#.#.......Shr.....#
.....r....S@.....!#
#.................#
#....)..........#
#$...........[...
#.....#######.### ##
####....####...####..
##.....#..~..#....
#8..~....~....~..
##...~..~~~..~...


You could see a dart slug, a jackal, 2 ball pythons and 2 rats.

Vanquished Creatures
  A goblin (D:1)
  A hobgoblin (D:1)
  2 jackals (D:1)
  A kobold (D:1)
5 creatures vanquished.

Notes
Turn   | Place    | Note
-------+----------+-------------------------------------------
     0 | D:1      | Iusername the Vampire Gladiator began the quest for the
                  | Orb.
     0 | D:1      | Reached XP level 1. HP: 16/16 MP: 1/1
    28 | D:1      | Slain by a jackal

Illustrated notes

Levels and vault maps discovered:
D:1:      eino_arrival_water_star, layout_rooms

Action                   || total
-------------------------++-------
Melee: Rapier            ||    12
       Bite              ||     2
Armor: Leather armour    ||    17
Dodge: Dodged            ||     9
